Map: Overgrown Facility

Players

Metasapien

  • Race: Zerg Zerg
  • League: Platinum
  • Spawn Location: 7:00

Alphalight

  • Race: Terran Terran
  • League: Gold
  • Spawn Location: 9:00

PnP - Winner!

  • Race: Zerg Zerg
  • League: Platinum
  • Spawn Location: 1:00

sharky - Winner!

  • Race: Protoss Protoss
  • Spawn Location: 3:00

VOD

Have the link to the VOD?

Description

Time

  • Played on: Sept. 18, 2017, 12:01 a.m.
  • Length: 10:01
Show
View Real Time Build Order
Export as new Build Order

Metasapien Zerg 

Build Orders: Pool First 

Get SALT Encoding   

  12  0:20  Spawning Pool  
  11  0:22  Drone  
  11  0:27  Drone  
  13  0:32  Extractor  
  12  0:36  Drone  
  13  0:46  Overlord  
  13  0:48  Drone  
  15  1:04  Drone  
  15  1:10  Drone  
  16  1:25  Drone  
  17  1:34  Hatchery  
  17  1:39  Zergling x2  
  17  1:45  Metabolic Boost  
  17  1:50  Drone  
  18  2:02  Drone x2  
  20  2:27  Drone  
  21  2:30  Drone  
  21  2:35  Hatchery  
  21  2:36  Overlord  
  20  2:44  Zergling x2  
  22  2:54  Zergling x4  
  22  2:55  Queen  
  26  2:59  Spine Crawler  
  26  3:02  Spine Crawler  
  26  3:04  Zergling x4  
  26  3:09  Zergling x2  
  27  3:21  Extractor  
  27  3:22  Roach Warren  
  27  3:23  Zergling x2  
  27  3:25  Zergling x2  
  27  3:39  Drone  
  27  3:40  Drone  
  29  3:59  Queen  
  31  4:03  Roach x2  
  31  4:09  Drone  
  36  4:11  Overlord  
  34  4:46  Hatchery  
  27  4:53  Roach  
  27  4:54  Roach x3  
  35  5:06  Roach x2  
  39  5:08  Roach  
  41  5:16  Overlord  
  41  5:20  Zergling x4  
  43  5:34  Drone x3  
  39  6:01  Roach x3  
  39  6:02  Zergling x6, Roach  
  43  6:15  Roach x3  
  43  6:16  Roach  
  45  6:28  Drone  
  45  6:29  Queen  
  48  6:36  Drone x3  
  48  7:00  Zergling x8  
  52  7:01  Drone x2  
  52  7:02  Overlord, Drone x2  
  56  7:14  Lair  
  54  7:24  Drone x3  
  54  7:26  Zergling x2, Extractor  
  54  7:27  Zergling x8  
  54  7:28  Extractor  
  58  7:45  Drone  
  58  7:48  Drone  
  58  7:51  Drone x2  
  62  7:52  Drone  
  62  7:53  Drone x2  
  65  8:04  Drone  
  66  8:07  Overlord x2  
  66  8:23  Overlord x3  
  66  8:24  Overlord  
  66  8:25  Overlord  
  66  8:27  Drone x4  
  66  8:28  Drone  
  71  8:34  Drone  
  71  8:36  Drone x2  
  71  8:37  Drone  
  71  8:38  Drone x2  
  77  8:43  Hydralisk Den  
  77  8:47  Infestation Pit  
  63  8:59  Spore Crawler  
  63  9:01  Spore Crawler  
  58  9:05  Hydralisk Den  
  51  9:15  Spore Crawler x2  
  43  9:21  Spore Crawler  
  39  9:26  Hydralisk  
  39  9:27  Hydralisk x2  
  45  9:35  Overlord  
Show
View Real Time Build Order
Export as new Build Order

Alphalight Terran 

Build Orders:  

Get SALT Encoding   

  12  0:05  SCV  
  13  0:21  SCV  
  14  0:27  Supply Depot  
  14  0:33  SCV  
  15  0:46  Refinery  
  15  0:49  SCV  
  16  0:52  Barracks  
  16  1:24  Barracks  
  16  1:26  Refinery  
  16  1:44  SCV  
  17  1:58  Command Center  
  17  2:15  Barracks Reactor  
  17  2:17  Marine  
  18  2:29  SCV  
  19  2:35  Marine  
  20  2:48  SCV  
  21  2:59  Factory  
  21  3:10  Supply Depot  
  21  3:25  Engineering Bay  
  21  3:30  Marine x2  
  21  3:32  Supply Depot  
  23  3:37  Marine  
  24  3:55  Cyclone  
  26  4:25  Marine  
  26  4:26  Marine x2  
  29  4:35  Barracks  
  29  4:45  Factory Tech Lab  
  29  4:53  Marine x2  
  29  4:54  Marine  
  5  6:04  Engineering Bay  
  5  6:15  Factory Tech Lab  
  5  6:20  Supply Depot  
  4  6:34  Planetary Fortress  
  4  6:53  Siege Tank  
  6  8:06  SCV  
  7  8:26  Planetary Fortress  
  7  8:56  Marine  
  7  9:33  SCV  
  7  9:36  Marine  
Show
View Real Time Build Order
Export as new Build Order

PnP Zerg - Winner!

Build Orders: Pool First, Zergling Baneling 

Get SALT Encoding   

  12  0:01  Drone  
  13  0:09  Drone  
  14  0:18  Overlord  
  14  0:24  Extractor  
  14  0:26  Extractor  
  14  0:27  Drone  
  13  0:30  Drone  
  16  0:49  Spawning Pool  
  15  0:53  Drone x2, Extractor  
  16  1:11  Drone x2  
  18  1:18  Drone  
  19  1:28  Overlord  
  19  1:36  Queen  
  21  1:42  Zergling x2  
  22  1:55  Zergling x2  
  22  1:58  Metabolic Boost  
  22  2:00  Zergling x2  
  24  2:11  Zergling x2  
  25  2:21  Zergling x2  
  26  2:48  Zergling x6  
  26  2:49  Overlord, Zergling x2  
  30  2:55  Lair  
  30  2:58  Extractor  
  29  2:59  Zergling x2  
  29  3:00  Hatchery  
  29  3:22  Zergling x4  
  31  3:29  Baneling Nest  
  31  3:31  Drone x3  
  31  4:22  Baneling x4  
  31  4:23  Baneling x6  
  31  4:24  Baneling x5  
  31  4:28  Zergling x10  
  32  4:53  Zergling x6  
  32  4:54  Zergling x2  
  30  5:13  Zergling x6  
  30  5:14  Zergling x2  
  31  5:20  Queen  
  33  5:26  Spire  
  27  6:05  Drone x5  
  27  6:06  Drone x4  
  36  6:23  Extractor  
  36  6:25  Extractor  
  34  6:37  Mutalisk  
  34  6:38  Mutalisk x4  
  44  6:51  Overlord x2  
  44  7:14  Mutalisk x2  
  44  7:15  Mutalisk  
  50  7:22  Mutalisk  
  52  7:38  Drone x3  
  52  7:39  Drone  
  56  7:53  Drone x3  
  59  7:59  Overlord  
  59  8:16  Hydralisk Den  
  58  8:22  Drone  
  58  8:23  Drone x5  
  58  8:25  Drone  
  65  9:36  Mutalisk x2  
Show
View Real Time Build Order
Export as new Build Order

sharky Protoss - Winner!

Build Orders:  

Get SALT Encoding   

  12  0:03  Probe (Chrono Boost)  
  13  0:13  Probe (Chrono Boost)  
  14  0:23  Pylon  
  14  0:25  Probe (Chrono Boost)  
  15  0:41  Probe (Chrono Boost)  
  16  0:45  Gateway  
  16  0:51  Gateway  
  16  0:55  Probe (Chrono Boost)  
  17  1:10  Probe (Chrono Boost)  
  18  1:19  Pylon  
  18  1:26  Probe (Chrono Boost)  
  18  1:31  Assimilator  
  19  1:36  Zealot (Chrono Boost)  
  19  1:38  Probe  
  22  1:40  Zealot (Chrono Boost)  
  24  1:50  Probe, Cybernetics Core  
  25  1:59  Pylon  
  27  2:04  Zealot x2 (Chrono Boost)  
  29  2:23  Probe  
  29  2:27  Assimilator  
  32  2:30  Pylon  
  32  2:31  Zealot (Chrono Boost)  
  32  2:53  Stalker (Chrono Boost)  
  32  2:55  Probe  
  37  2:59  Stalker (Chrono Boost)  
  37  3:07  Mothership Core  
  39  3:31  Stalker (Chrono Boost)  
  39  3:32  Probe  
  44  3:35  Stalker (Chrono Boost)  
  44  3:44  Nexus  
  44  3:47  Pylon  
  44  4:16  Stalker (Chrono Boost)  
  42  4:29  Stalker (Chrono Boost)  
  42  4:30  Probe  
  45  4:35  Assimilator  
  45  4:42  Probe, Pylon  
  48  4:46  Stalker (Chrono Boost)  
  38  6:17  Probe, Stalker (Chrono Boost)  
  43  6:20  Stalker (Chrono Boost)  
  43  6:29  Probe x2  
  45  6:40  Probe  
  45  6:41  Probe  
  45  6:50  Probe  
  46  7:01  Probe  
  47  7:42  Stalker (Chrono Boost)  
  47  7:43  Probe  
  52  7:46  Stalker (Chrono Boost)  
  52  7:54  Robotics Facility  
  52  7:55  Probe  
  52  7:56  Pylon, Robotics Facility  
  53  8:00  Pylon  
  53  8:02  Pylon  
  53  8:07  Probe  
  54  8:16  Assimilator  
  54  8:25  Probe  
  55  8:29  Stargate  
  55  8:32  Stargate x2  
  55  8:35  Nexus  
  55  8:37  Probe  
  55  8:39  Pylon  
  56  8:43  Pylon  
  56  8:49  Probe  
  56  8:53  Observer x2  
  59  9:14  Immortal x2  
  59  9:15  Forge  
  67  9:19  Cybernetics Core  
  67  9:31  Assimilator x2  
  67  9:44  Probe  
Tags
 
Add a new tag
Caveats
  • Supply blocks, unpowered buildings, or Contaminate may cause inaccurate times.
  • Supply counts are checked every 10 seconds.